 Seeded DCSS version 0.29.1-1-gd02db6906a (webtiles) character file.

Game seed: 8800239265270809476 (custom seed)

336 GigaChad the Fighter (level 6, -1/61 HPs)
             Began as a Minotaur Fighter on Sept 27, 2022.
             Was an Initiate of Trog.
             Slain by a lemure (5 damage)
             ... led by Pikel
             ... on level 6 of the Dungeon.
             The game lasted 00:03:15 (1533 turns).

GigaChad the Fighter (Minotaur Fighter)             Turns: 1533, Time: 00:03:15

Health: -1/61      AC:  7    Str: 23    XL:     6   Next: 28%
Magic:  5/5        EV:  9    Int:  5    God:    Trog [......]
Gold:   82         SH:  4    Dex:  9    Spells: 5/5 levels left

rFire   . . .      SeeInvis .   a - +0 long sword
rCold   . . .      Faith    .   c - +0 buckler
rNeg    . . .      Spirit   .   b - +0 scale mail
rPois   .          Reflect  .   (helmet restricted)
rElec   .          Harm     .   (no cloak)
rCorr   .          Rampage  .   (no gloves)
Will    .....                   (no boots)
Stlth   ..........              (no amulet)
HPRegen 0.20/turn               (no ring)
MPRegen 0.09/turn               (no ring)

@: studying Armour
A: horns 2, retaliatory headbutt
a: Renounce Religion


You were on level 6 of the Dungeon.
You worshipped Trog.
Trog was noncommittal.
You visited 1 branch of the dungeon, and saw 6 of its levels.

You collected 82 gold pieces.

Inventory:

Hand Weapons
 a - a +0 long sword (weapon)
Armour
 b - a +0 scale mail (worn)
 c - a +0 buckler (worn)
Scrolls
 e - a scroll of blinking {unknown}
 g - a scroll of identify {unknown}
 i - a scroll of immolation {unknown}
 j - a scroll of magic mapping {unknown}
Potions
 d - a potion of might
 f - a potion of degeneration {unknown}
 h - a potion of flight {unknown}


   Skills:
 + Level 8.2 Fighting
 - Level 2.8 Long Blades
 - Level 3.9 Armour
 - Level 3.9 Shields


You had 5 spell levels left.
You didn't know any spells.
Your spell library was empty.

Dungeon Overview and Level Annotations

Branches:
Dungeon (6/15)
 Temple: D:4-7

Altars:
Trog

Portals:
Ossuary: D:6

Annotations:
D:6 Pikel


Innate Abilities, Weirdness & Mutations

You have a pair of horns on your head.
You reflexively headbutt those who attack you in melee.


Message History

You slash the lemure! Your headbutt misses the lemure.
The lemure is heavily wounded.
The lemure hits you but does no damage.
You barely miss the lemure.
The lemure is heavily wounded.
Pikel hits you with a +0 whip of electrocution.
You barely miss the lemure.
The lemure is heavily wounded.
The lemure hits you.
A lemure comes into view.
The lemure hits you but does no damage.
Pikel hits you with a +0 whip of electrocution. x2
The lemure closely misses you. The lemure misses you.
The lemure shouts!
You hit the lemure.
The lemure is severely wounded.
The lemure hits you but does no damage. The lemure barely misses you.
Pikel hits you with a +0 whip of electrocution.
You hit the lemure but do no damage.
The lemure is severely wounded.
The lemure closely misses you. The lemure barely misses you.
You furiously retaliate!
You headbutt the lemure, but do no damage.
Pikel hits you with a +0 whip of electrocution.
You are electrocuted!
* * * LOW HITPOINT WARNING * * *
You hit the lemure but do no damage. You headbutt the lemure!
The lemure is almost dead.
The lemure hits you.
* * * LOW HITPOINT WARNING * * *
The lemure hits you.
* * * LOW HITPOINT WARNING * * *
Pikel hits you with a +0 whip of electrocution.
* * * LOW HITPOINT WARNING * * *
Unknown command.
Unknown command.
You barely miss the lemure. Your headbutt misses the lemure.
The lemure is almost dead.
The lemure barely misses you. The lemure hits you.
You die...

##### #....
#...# #...#
#..5# #.K5#
#55@# #...#
#...# .#
#...###...#
#...∩...∩.#
#...###...#
#...# .#
#...# #...#


You could see Pikel and 4 lemures.

Vanquished Creatures
  A phantom (D:5)
  A necrophage (D:5)
  An orc priest (D:5)
  A jelly (D:5)
  2 hounds (D:5)
  An iguana (D:5)
  An adder (D:3)
  3 dart slugs
  4 orcs
  4 endoplasms
  A giant cockroach (D:1)
  2 goblins
  4 hobgoblins
  3 jackals
  4 quokkas
  A ball python (D:3)
  A bat (D:1)
  A frilled lizard (D:1)
  2 rats (D:1)
38 creatures vanquished.

Notes
Turn   | Place    | Note
-------+----------+-------------------------------------------
     0 | D:1      | GigaChad the Minotaur Fighter began the quest for the Orb.
     0 | D:1      | Reached XP level 1. HP: 19/19 MP: 0/0
    58 | D:1      | Identified a scroll of acquirement
    58 | D:1      | Acquired a manual of Armour
   171 | D:1      | Reached XP level 2. HP: 27/27 MP: 1/1
   349 | D:1      | Reached skill level 4 in Fighting
   459 | D:2      | You fall into a shaft and drop 1 floor!
   471 | D:3      | Reached XP level 3. HP: 28/34 MP: 2/2
   738 | D:3      | Reached skill level 5 in Fighting
   831 | D:5      | Entered Level 5 of the Dungeon
   831 | D:5      | Noticed a phantom
   842 | D:5      | Killed a phantom
   843 | D:5      | Reached skill level 6 in Fighting
   843 | D:5      | Reached XP level 4. HP: 35/45 MP: 3/3
   877 | D:5      | Found a bloodstained altar of Trog.
   882 | D:5      | Became a worshipper of Trog the Wrathful
   889 | D:5      | Reached XP level 5. HP: 48/51 MP: 4/4
   925 | D:5      | Reached skill level 7 in Fighting
   995 | D:5      | Reached skill level 8 in Fighting
   995 | D:5      | Reached XP level 6. HP: 19/61 MP: 5/5
  1515 | D:6      | Found a sand-covered staircase.
  1523 | D:6      | Noticed Pikel
  1532 | D:6      | HP: 3/61 [Pikel/+0 whip of electrocution (6)]
  1533 | D:6      | Slain by a lemure

Illustrated notes

Levels and vault maps discovered:
D:1:      minmay_arrival_widening_spiral_wide, layout_rooms,
          serial_bayou_pond_b, minmay_crystal_room, st_stairs_3
D:2:      layout_basic, hex_tiny, minmay_tetromino_o2
D:3:      layout_rooms, hellmonk_ecumenical_altar_inner_sanctum, st_stairs_8,
          grunt_ministairs_6
D:4:      layout_cave_pods, nicolae_tso_besieged_by_evil,
          minmay_temple_entry_arrows
D:5:      layout_rooms, kennysheep_little_box
D:6:      layout_basic, general_overflow_altar, chequers_ossuary_entry_cave,
          minmay_a_box_with_orc_wizards_in_it, uniq_pikel, uniq_prince_ribbit1

Skill      XL: |  1  2  3  4  5 |
---------------+----------------+-----
Fighting       | 4 6 8 |  8.2
Long Blades    | |  2.8
Armour         | |  3.9
Shields        | |  3.9

Action                   |  1- 3 |  4- 6 || total
-------------------------+-------+-------++-------
Melee: Long sword        |    77 |    46 ||   123
       Headbutt          |     7 |     9 ||    16
  Use: Scroll            |     2 |       ||     2
Armor: Scale mail        |    52 |    20 ||    72
Dodge: Dodged            |    60 |    24 ||    84
Block: Buckler           |    25 |    10 ||    35
